Map: Blackrock LE

Players

jack - Winner!

  • Race: Protoss Protoss
  • League: Platinum
  • Spawn Location: 1:00

Pikapal

  • Race: Protoss Protoss
  • League: Master
  • Spawn Location: 7:00

VOD

Have the link to the VOD?

Description

Time

  • Played on: July 17, 2026, 1:16 a.m.
  • Length: 7:03
Show
View Real Time Build Order
Export as new Build Order

jack Protoss - Winner!

Build Orders:  

Get SALT Encoding   

  8  0:00  Probe  
  9  0:12  Probe (Chrono Boost)  
  10  0:24  Probe (Chrono Boost)  
  11  0:30  Probe (Chrono Boost)  
  12  0:38  Pylon  
  12  0:39  Probe  
  13  0:56  Probe (Chrono Boost)  
  14  1:01  Gateway  
  14  1:08  Probe (Chrono Boost)  
  15  1:16  Probe (Chrono Boost)  
  16  1:23  Probe  
  17  1:35  Probe  
  18  1:44  Nexus  
  18  1:57  Probe  
  18  2:01  Cybernetics Core  
  19  2:06  Gateway  
  19  2:11  Assimilator  
  19  2:15  Probe  
  20  2:28  Probe, Assimilator  
  21  2:37  Pylon  
  21  2:50  Shield Battery  
  22  2:58  Probe (Chrono Boost)  
  22  3:01  Probe (Chrono Boost)  
  23  3:09  Probe (Chrono Boost)  
  23  3:10  Probe (Chrono Boost)  
  25  3:14  Probe (Chrono Boost)  
  25  3:15  Probe (Chrono Boost)  
  25  3:17  Stalker  
  25  3:18  Stalker  
  31  3:22  Pylon  
  31  3:25  Probe  
  32  3:27  Probe  
  32  3:37  Probe  
  33  3:43  Probe  
  33  3:44  Stalker  
  36  3:52  Stalker  
  38  3:57  Shield Battery  
  38  4:04  Robotics Facility  
  38  4:17  Probe  
  38  4:18  Probe  
  38  4:21  Stalker x2  
  44  4:29  Probe  
  45  4:36  Gateway  
  45  4:41  Probe x2  
  45  4:45  Assimilator  
  47  4:48  Stalker  
  47  4:50  Pylon  
  49  4:53  Probe  
  49  4:57  Probe  
  49  5:06  Immortal (Chrono Boost)  
  49  5:08  Stalker  
  49  5:09  Pylon  
  49  5:10  Probe x2  
  57  5:27  Stalker  
  57  5:28  Pylon  
  59  5:30  Pylon  
  59  5:32  Stalker  
  61  5:37  Immortal (Chrono Boost)  
  61  5:38  Pylon  
  51  6:30  Stalker  
  51  6:31  Pylon  
  51  6:36  Pylon  
  51  6:37  Pylon  
  51  6:38  Probe x2  
  53  6:50  Probe  
Show
View Real Time Build Order
Export as new Build Order

Pikapal Protoss 

Build Orders:  

Get SALT Encoding   

  8  0:02  Probe (Chrono Boost)  
  10  0:14  Probe (Chrono Boost)  
  10  0:21  Probe (Chrono Boost)  
  11  0:28  Probe  
  11  0:32  Pylon  
  12  0:40  Probe  
  13  0:53  Probe  
  13  0:55  Gateway  
  14  1:05  Probe (Chrono Boost)  
  14  1:09  Assimilator  
  15  1:13  Assimilator  
  15  1:16  Probe (Chrono Boost)  
  16  1:30  Gateway  
  16  1:34  Probe  
  17  1:43  Cybernetics Core  
  17  1:46  Probe  
  18  1:51  Pylon  
  18  1:58  Probe  
  19  2:10  Probe  
  20  2:20  Stalker  
  22  2:23  Probe, Warp Gate  
  23  2:35  Probe  
  24  2:47  Probe  
  27  2:54  Stalker (Chrono Boost)  
  27  2:55  Sentry (Chrono Boost)  
  27  2:56  Pylon  
  29  3:14  Probe  
  30  3:20  Stalker (Chrono Boost)  
  35  3:31  Probe, Stalker (Chrono Boost)  
  35  3:41  Gateway  
  35  3:42  Pylon  
  37  4:10  Stalker  
  37  4:14  Stalker  
  35  4:18  Robotics Facility  
  35  4:23  Stalker  
  37  4:27  Stalker  
  39  4:36  Stalker  
  39  4:37  Stalker  
  43  4:40  Pylon  
  43  4:49  Pylon  
  41  5:02  Immortal (Chrono Boost)  
  43  5:11  Stalker  
  45  5:14  Sentry  
  47  5:25  Stalker  
  49  5:33  Observer (Chrono Boost)  
  40  5:59  Immortal (Chrono Boost)  
  40  6:24  Stalker  
  40  6:25  Stalker x2  
  38  6:38  Stalker  
Tags
 
Matchup
PvP
Spawn Locations
Cross Positions
Add a new tag
Caveats
  • Supply blocks, unpowered buildings, or Contaminate may cause inaccurate times.
  • Supply counts are checked every 10 seconds.